 Dungeon Crawl Stone Soup version 0.29-a0-275-g389c0b56f3 (webtiles) character file.

Game seed: 3408290175494677261

3420 jlumianski the Basher (level 10, -23/61 HPs)
             Began as a Kobold Berserker on Mar 9, 2022.
             Was an Elder of Trog.
             Annihilated by a boulder beetle (30 damage)
             ... on level 7 of the Dungeon.
             The game lasted 00:39:50 (9980 turns).

jlumianski the Basher (Kobold Berserker)            Turns: 9980, Time: 00:39:51

Health: -23/61     AC: 16    Str: 19    XL:     10   Next: 25%
Magic:  10/10      EV:  9    Int:  8    God:    Trog [****..]
Gold:   276        SH:  0    Dex: 15    Spells: 9/9 levels left

rFire   + . .      SeeInvis .   z - +6 morningstar of Patterns {vorpal, rF+}
rCold   . . .      Faith    .   (no shield)
rNeg    . . .      Spirit   .   e - +0 plate armour
rPois   .          Reflect  .   y - +1 helmet
rElec   +          Harm     .   (no cloak)
rCorr   .          Rampage  .   (no gloves)
Will    .....                   w - +0 pair of boots
Stlth   ..........              (no amulet)
HPRegen 0.20/turn               (no ring)
MPRegen 0.12/turn               (no ring)

@: about to teleport
A: small, no large weapons, nightstalker 3, electricity resistance
a: Renounce Religion, Berserk, Trog's Hand, Brothers in Arms


You were on level 7 of the Dungeon.
You worshipped Trog.
Trog was greatly pleased with you.
You visited 1 branch of the dungeon, and saw 7 of its levels.

You collected 434 gold pieces.
You spent 158 gold pieces at shops.

Inventory:

Hand Weapons
 a - a +0 hand axe
 n - a +0 vorpal mace
 q - a +2 trident of venom
 z - the +6 morningstar of Patterns (weapon) {vorpal, rF+}
   (You found it on level 4 of the Dungeon)

   It inflicts extra damage upon your enemies.
   rF:        It protects you from fire.
 B - the +6 quarterstaff "Kaitadew" {pain, *Slow rElec Int+3 Dex+3 Stlth+}
   (You found it on level 6 of the Dungeon)

   In the hands of one skilled in necromantic magic, it inflicts extra damage on
   living creatures.
   Int:       It affects your intelligence (+3).
   Dex:       It affects your dexterity (+3).
   rElec:     It insulates you from electricity.
   *Slow:     It may slow you when you take damage.
   Stlth:     It makes you more stealthy.
   Trog disapproves of the use of such an item.
 E - a +3 rapier of venom
Missiles
 f - 180 stones
 o - 2 throwing nets
 p - 2 boomerangs
 v - 5 poisoned darts (quivered)
 C - 2 javelins
Armour
 b - a +0 animal skin
 c - a +0 scale mail
 e - a +0 plate armour (worn)
 t - a +0 chain mail
 w - a +0 pair of boots (worn)
 y - a +1 helmet (worn)
Magical Staves
 F - a staff of poison
Wands
 D - a wand of flame (24)
Scrolls
 g - a scroll of immolation
 h - 3 scrolls of amnesia
 k - a scroll of silence
 l - a scroll of teleportation
 u - 2 scrolls of noise
 H - a scroll of enchant weapon
Potions
 d - 2 potions of degeneration
 i - a potion of berserk rage
 j - 2 potions of might
 m - a potion of lignification
 r - 3 potions of mutation
 s - a potion of curing
 x - 3 potions of haste
 A - 2 potions of heal wounds
 G - a potion of flight {unknown}


   Skills:
 + Level 6.8 Fighting
 + Level 5.0(7.0) Axes
 + Level 8.2(9.0) Maces & Flails
 + Level 5.9 Armour
 + Level 4.1 Dodging
 + Level 0.6 Stealth


You had 9 spell levels left.
You didn't know any spells.
Your spell library was empty.

Dungeon Overview and Level Annotations

Branches:
Dungeon (7/15)             Temple (0/1) D:4

Altars:
Hepliaklqana
Nemelex Xobeh
Yredelemnul

Shops:
D:3 =   D:4 **

Annotations:
D:3 Grinder


Innate Abilities, Weirdness & Mutations

You are small and have problems with some larger weapons.
You are completely attuned to the shadows.
You are resistant to electric shocks. (rElec)


Message History

You kill the white imp!
Trog accepts your kill.
You now have 276 gold pieces (gained 9).
Found a stone staircase leading down.
Found a throwing net.
A white imp comes into view.
The white imp shouts!
You barely miss the white imp. The white imp gestures at you.
The puff of frost hits you but does no damage.
You hit the white imp but do no damage. You punch the white imp.
The white imp is lightly wounded.
The white imp hits you but does no damage.
You closely miss the white imp.
The white imp is lightly wounded.
A boulder beetle comes into view.
The white imp hits you but does no damage.
You closely miss the white imp.
The white imp is lightly wounded.
The boulder beetle curls into a ball and begins rolling!
The white imp gestures at you.
The puff of frost hits you but does no damage.
You puncture the white imp!
You kill the white imp!
Trog accepts your kill.
An ogre comes into view. It is wielding a +0 giant club.
The ogre shouts!
The boulder beetle hits you but does no damage.
The boulder beetle stops rolling and uncurls.
The boulder beetle leaps!
The boulder beetle curls into a ball and begins rolling!
The boulder beetle attacks as you move away!
The boulder beetle hits you!!!
Ouch! That really hurt!
* * * LOW HITPOINT WARNING * * *
The boulder beetle stops rolling and uncurls.
The boulder beetle curls into a ball and begins rolling!
As you read the scroll of teleportation, it crumbles to dust.
You feel strangely unstable. The boulder beetle hits you!!
You die...

. . . ...#...### ..>....... .
#.....##.. #......... .
#.......# ##°....... #
#......#####.........
###...##.@B°O..........
########.<.)...##.##......(...
......#...#.......##..........
#####.............###.........
#..>..........# ##....#...
#####...............
#....................
........#............
....#####.........#


You could see a boulder beetle (rolling) and an ogre.

Vanquished Creatures
  Sigmund (D:2)
  3 yaks (D:6)
  Eustachio (D:6)
  2 steam dragons
  2 black bears (D:5)
  An orc warrior (D:5)
  A sky beast (D:6)
  2 ogres (D:6)
  2 centaurs (D:6)
  A bullfrog (D:6)
  A necrophage (D:5)
  4 scorpions
  9 wights (D:7)
  2 howler monkeys (D:6)
  A hound (D:6)
  4 orc priests
  4 iguanas
  Jessica (D:2)
  2 gnoll shamans
  Natasha (twice) (D:2)
  3 orc wizards
  Robin (D:2)
  15 gnolls
  5 adders
  A shadow imp (D:6)
  3 white imps
  An ufetubus (D:5)
  5 dart slugs
  21 orcs
  10 ball pythons
  5 endoplasms
  3 giant cockroaches
  11 goblins
  9 hobgoblins
  3 jackals
  5 quokkas
  2 bats (D:3)
  A frilled lizard (D:2)
  10 kobolds
  7 rats
167 creatures vanquished.

Vanquished Creatures (others)
  A goblin (D:3)
  4 fungi (D:3)
  9 plants
14 creatures vanquished.

Grand Total: 181 creatures vanquished

Notes
Turn   | Place    | Note
-------+----------+-------------------------------------------
     0 | D:1      | jlumianski the Kobold Berserker began the quest for the
                  | Orb.
     0 | D:1      | Reached XP level 1. HP: 14/14 MP: 1/1
   504 | D:1      | Reached XP level 2. HP: 18/19 MP: 2/2
   826 | D:1      | Reached XP level 3. HP: 22/24 MP: 3/3
  1464 | D:2      | Reached XP level 4. HP: 4/29 MP: 4/4
  1837 | D:2      | HP: 1/29 [gnoll/+0 spear (4)]
  1839 | D:2      | Reached XP level 5. HP: 1/33 MP: 5/5
  2307 | D:2      | Noticed Sigmund
  2420 | D:2      | Killed Sigmund
  2421 | D:2      | Reached XP level 6. HP: 39/39 MP: 6/6
  2539 | D:2      | Noticed Jessica
  2548 | D:2      | Killed Jessica
  2573 | D:2      | Noticed Natasha
  2580 | D:2      | Killed Natasha
  2870 | D:2      | Reached ** piety under Trog
  2871 | D:2      | Reached XP level 7. HP: 20/44 MP: 7/7
  3313 | D:2      | Noticed Natasha
  3317 | D:2      | Killed Natasha
  3643 | D:3      | Found a faded altar of an unknown god.
  3811 | D:3      | Noticed Robin
  3811 | D:3      | Noticed Grinder
  4182 | D:2      | Killed Robin
  4205 | D:3      | Paralysed by Grinder for 7 turns
  5019 | D:3      | Found Raen's One-of-a-Kind Rings.
  5151 | D:4      | Identified the +6 morningstar of Patterns {vorpal, rF+}
  5396 | D:4      | Found a sparkling altar of Nemelex Xobeh.
  5465 | D:4      | Found a basalt altar of Yredelemnul.
  5479 | D:4      | Gained mutation: You are resistant to electric shocks.
                  | (rElec) [potion of mutation]
  5593 | D:4      | Noticed a steam dragon
  5613 | D:4      | Killed a steam dragon
  5614 | D:4      | Reached skill level 5 in Fighting
  5614 | D:4      | Reached skill level 5 in Axes
  5614 | D:4      | Reached skill level 1 in Maces & Flails
  5614 | D:4      | Reached XP level 8. HP: 49/49 MP: 8/8
  5827 | D:4      | Found Jitwu's General Store.
  5833 | D:4      | Bought a scroll of enchant armour for 75 gold pieces
  5833 | D:4      | Bought a scroll of identify for 20 gold pieces
  5852 | D:4      | Found Esmoar's General Store.
  5872 | D:4      | Bought a +0 pair of boots for 63 gold pieces
  5904 | D:4      | Found a staircase to the Ecumenical Temple.
  6233 | D:5      | Entered Level 5 of the Dungeon
  6365 | D:5      | Reached skill level 2 in Maces & Flails
  6815 | D:5      | Reached skill level 3 in Maces & Flails
  6865 | D:5      | Reached *** piety under Trog
  7288 | D:5      | Reached skill level 4 in Maces & Flails
  7672 | D:6      | Reached XP level 9. HP: 50/54 MP: 9/9
  7746 | D:6      | Noticed Eustachio
  7759 | D:6      | Killed Eustachio
  7760 | D:6      | Reached skill level 5 in Maces & Flails
  7760 | D:6      | Reached skill level 5 in Armour
  8195 | D:6      | Found a hazy altar of Hepliaklqana.
  8657 | D:6      | Identified the +6 quarterstaff "Kaitadew" {pain, *Slow
                  | rElec Int+3 Dex+3 Stlth+}
  8852 | D:6      | Reached skill level 6 in Maces & Flails
  9446 | D:7      | Reached skill level 7 in Maces & Flails
  9621 | D:6      | Reached XP level 10. HP: 59/60 MP: 10/10
  9625 | D:6      | Reached **** piety under Trog
  9729 | D:6      | Reached skill level 8 in Maces & Flails
  9967 | D:7      | Noticed a boulder beetle
  9980 | D:7      | Annihilated by a boulder beetle

Illustrated notes

Levels and vault maps discovered:
D:1:      ebering_trefoil_twist, layout_loops_ring, lemuel_flame_loot_1
D:2:      layout_loops_ring, kennysheep_generic_room_16, uniq_jessica,
          uniq_sigmund, uniq_natasha
D:3:      layout_basic, shapermc_ecumenical_altar_mp_ritualfount,
          nicolae_shop_unique_rings, uniq_robin, uniq_grinder
D:4:      layout_cave_pools, yredelemnul_altar_generic,
          nemelex_dance_club_becter, minmay_temple_entry_mini_moons,
          serial_forest, infiniplex_forest_lined_1,
          infiniplex_forest_straight_4, infiniplex_forest_clump_diagonal,
          infiniplex_forest_straight_2, infiniplex_forest_straight_5,
          infiniplex_forest_lined_corner, infiniplex_forest_end_2,
          infiniplex_forest_straight_2, infiniplex_forest_lined_corner,
          serial_shops, shop_coins, nicolae_diamond_shop
D:5:      layout_basic, kennysheep_another_room
D:6:      layout_basic, nicolae_hepliaklqana_hazy_memory, grunt_tough_drop,
          uniq_eustachio
D:7:      layout_rooms

Skill      XL: |  1  2  3  4  5  6  7  8  9 10 |
---------------+-------------------------------+-----
Fighting       | 4 5 6 |  6.8
Axes           | 3 4 5 |  5.0
Armour         | 2 3 4 5 |  5.9
Dodging        | 3 4 |  4.1
Maces & Flails | 1 4 7 8 |  8.2
Stealth        | |  0.6

Action                   |  1- 3 |  4- 6 |  7- 9 | 10-12 || total
-------------------------+-------+-------+-------+-------++-------
Melee: Hand axe          |    63 |    66 |   138 |       ||   267
       Morningstar       |       |       |   208 |    38 ||   246
       Punch             |       |       |     3 |     1 ||     4
Invok: Berserk           |     2 |     4 |     8 |     1 ||    15
       Trog's Hand       |       |       |     2 |       ||     2
  Use: Scroll            |       |       |    13 |     1 ||    14
       Potion            |       |       |     3 |       ||     3
 Stab: Sleeping          |     1 |       |       |       ||     1
Armor: Scale mail        |    19 |    23 |       |       ||    42
       Chain mail        |       |       |   137 |       ||   137
       Plate armour      |       |       |    77 |    36 ||   113
Dodge: Dodged            |    42 |    31 |   220 |    23 ||   316

Table legend: (Time is in decaauts)
 A = Elapsed time spent in this place.
 B = Non-inter-level travel time spent in this place.
 C = Inter-level travel time spent in this place.
 D = Time resting spent in this place.
 E = Time spent auto-exploring this place.
 F = Levels seen in this place.
 G = Mean time per level.
                   A        B        C        D        E       F      G
               +--------+--------+--------+--------+--------+-----+--------+
         Total |  10205 |  10180 |     25 |   2295 |   5469 |   7 | 1457.9 |
       Dungeon |  10205 |  10180 |     25 |   2295 |   5469 |   7 | 1457.9 |
               +--------+--------+--------+--------+--------+-----+--------+

Top non-repeatable levels by time:
     D:2: 2021 daAuts
     D:1: 2009 daAuts
     D:6: 1926 daAuts
     D:4: 1380 daAuts
     D:3: 1209 daAuts
     D:5: 1159 daAuts
     D:7: 498 daAuts
